cohdb
Replays
Latest Replays
All Replays
Popular Replays
Top Player Replays
Match Explorer
How It Works
Community
CoH3 Stats
Reddit
Sign in to upload your games and track your stats! →
Sign in with Steam
Match 41457548
Unlisted
Match 41457548
Overview
Messages
Build Orders
End
Engineer Squad
Construct Weapon Support Center
M1919 Machine Gun Team
Selects Armored Battlegroup
Selects Assault Engineers
M1919 Machine Gun Team
Assault Engineer Squad
Mechanized Support Center
M3 Armored Personnel Carrier
Construct Medical Station
Bazooka Squad
Bazooka Squad
M1919 Machine Gun Team
Scout Squad
M3 Armored Personnel Carrier
Scout Squad
M1919 Machine Gun Team
Construct Tank Depot
M1919 Machine Gun Team
M1919 Machine Gun Team
Scout Squad
Scout Squad
Bazooka Squad
gmurraymiami305
ezmnydev
Fruti2k
Gosling Svodovich
0
0
Comments
sign in to comment!
No comments posted yet!